Map: Prion Terraces

Players

Adonminus - Winner!

  • Race: Protoss Protoss
  • League: Master

ZhuGeLiang

  • Race: Zerg Zerg
  • League: Grandmaster

VOD

Have the link to the VOD?

Description

Time

  • Played on: March 14, 2016, 4:46 p.m.
  • Length: 10:47
Show
View Real Time Build Order
Export as new Build Order

Adonminus Protoss - Winner!

Build Orders: 1 Gate Expand, Phoenix Opening 

Get SALT Encoding   

  12  0:01  Probe (Chrono Boost)  
  13  0:11  Probe (Chrono Boost)  
  14  0:18  Pylon  
  14  0:22  Probe (Chrono Boost)  
  15  0:36  Probe (Chrono Boost)  
  15  0:37  Gateway  
  15  0:42  Assimilator  
  16  0:47  Probe (Chrono Boost)  
  17  0:57  Probe (Chrono Boost)  
  18  1:08  Probe (Chrono Boost)  
  20  1:18  Probe (Chrono Boost)  
  20  1:24  Cybernetics Core  
  20  1:35  Nexus  
  20  1:39  Probe (Chrono Boost)  
  21  1:45  Pylon  
  21  1:50  Probe (Chrono Boost)  
  21  1:53  Assimilator  
  22  2:00  Probe (Chrono Boost)  
  23  2:03  Adept (Chrono Boost)  
  23  2:06  Warp Gate  
  25  2:11  Probe (Chrono Boost)  
  26  2:25  Stargate  
  26  2:27  Probe  
  27  2:32  Adept (Chrono Boost)  
  29  2:39  Probe  
  30  2:48  Probe  
  31  2:51  Probe  
  31  2:55  Gateway  
  32  2:59  Probe  
  32  3:03  Probe (Chrono Boost)  
  34  3:06  Phoenix (Chrono Boost)  
  34  3:12  Probe (Chrono Boost), Adept  
  39  3:15  Probe (Chrono Boost)  
  40  3:25  Probe (Chrono Boost)  
  40  3:26  Probe (Chrono Boost)  
  42  3:27  Phoenix  
  42  3:29  Pylon  
  44  3:36  Assimilator x2  
  44  3:38  Probe (Chrono Boost)  
  46  3:41  Probe (Chrono Boost)  
  46  3:45  Gateway  
  47  3:48  Probe (Chrono Boost)  
  47  3:52  Phoenix  
  47  3:54  Probe (Chrono Boost)  
  50  4:00  Pylon  
  50  4:03  Probe (Chrono Boost)  
  50  4:09  Probe (Chrono Boost), Twilight Council  
  52  4:13  Probe (Chrono Boost)  
  52  4:15  Phoenix  
  52  4:16  Pylon  
  55  4:24  Probe (Chrono Boost)  
  55  4:26  Probe (Chrono Boost)  
  55  4:30  Adept x2  
  61  4:35  Probe (Chrono Boost)  
  61  4:37  Phoenix  
  62  4:42  Adept  
  62  4:45  Stargate  
  66  4:46  Probe (Chrono Boost)  
  66  4:48  Pylon  
  66  4:52  Resonating Glaives  
  67  4:54  Pylon  
  67  4:56  Probe (Chrono Boost)  
  67  4:57  Probe (Chrono Boost)  
  69  5:02  Phoenix  
  71  5:16  Probe (Chrono Boost)  
  71  5:18  Adept x2  
  71  5:19  Adept  
  78  5:22  Pylon, Gateway  
  78  5:25  Gateway  
  78  5:26  Phoenix  
  78  5:30  Phoenix  
  82  5:45  Probe (Chrono Boost)  
  82  5:46  Adept x2  
  82  5:48  Phoenix  
  89  5:58  Nexus  
  89  6:00  Pylon  
  89  6:03  Phoenix  
  91  6:14  Adept  
  93  6:19  Pylon  
  93  6:20  Pylon, Adept x4  
  101  6:31  Probe (Chrono Boost)  
  102  6:34  Phoenix  
  102  6:36  Robotics Facility  
  102  6:37  Phoenix  
  102  6:39  Probe (Chrono Boost)  
  85  7:13  Probe (Chrono Boost), Adept x2  
  85  7:14  Probe (Chrono Boost), Adept x3  
  85  7:17  Robotics Facility  
  85  7:18  Probe (Chrono Boost)  
  84  7:22  Probe (Chrono Boost)  
  84  7:24  Assimilator  
  84  7:25  Assimilator  
  84  7:26  Immortal (Chrono Boost), Phoenix x2  
  93  7:36  Adept x3  
  99  7:37  Adept  
  99  7:40  Adept  
  99  7:42  Probe  
  104  7:44  Mothership Core  
  104  7:49  Pylon  
  106  7:51  Pylon  
  106  8:00  Adept x4  
  106  8:05  Sentry  
  116  8:07  Immortal (Chrono Boost)  
  120  8:13  Immortal (Chrono Boost)  
  124  8:29  Adept  
  124  8:30  Adept x3  
  124  8:31  Adept  
  121  8:40  Mothership Core  
  121  8:41  Phoenix x2  
  95  8:52  Adept  
  95  8:53  Adept x4  
  97  8:58  Immortal (Chrono Boost)  
  97  9:00  Immortal (Chrono Boost)  
  105  9:14  Adept x2  
  105  9:15  Adept x3  
  117  9:38  Immortal x2 (Chrono Boost)  
  117  9:40  Adept x4  
  117  9:42  Adept  
  127  9:47  Pylon  
  127  9:48  Pylon  
  127  10:01  Sentry  
  127  10:02  Sentry x2  
  133  10:12  Adept, Immortal (Chrono Boost)  
  133  10:13  Immortal (Chrono Boost)  
  143  10:15  Sentry  
  125  10:31  Adept x3  
  117  10:36  Adept  
  113  10:43  Zealot  
Show
View Real Time Build Order
Export as new Build Order

ZhuGeLiang Zerg 

Build Orders: Hatch First 

Get SALT Encoding   

  12  0:01  Drone  
  13  0:08  Drone  
  14  0:17  Overlord  
  14  0:23  Drone, Extractor  
  15  0:35  Drone x2  
  17  0:52  Hatchery  
  17  0:54  Drone  
  17  1:08  Spawning Pool  
  17  1:10  Drone  
  17  1:14  Drone  
  17  1:16  Extractor  
  17  1:19  Drone  
  18  1:27  Drone  
  19  1:40  Overlord  
  19  1:50  Drone  
  20  1:55  Queen  
  20  1:59  Zergling x2  
  23  2:03  Queen  
  23  2:04  Drone  
  26  2:11  Drone  
  26  2:14  Drone  
  28  2:17  Metabolic Boost  
  28  2:24  Drone  
  28  2:26  Drone  
  30  2:35  Hatchery  
  29  2:39  Drone x2  
  30  2:47  Overlord  
  30  2:48  Zergling x2  
  31  2:54  Zergling x2  
  31  2:58  Zergling x2  
  33  3:04  Overlord  
  33  3:08  Drone, Queen  
  33  3:11  Drone, Pneumatized Carapace  
  37  3:14  Drone  
  38  3:20  Drone x5  
  38  3:25  Drone  
  44  3:34  Drone x2  
  46  3:41  Overlord x2  
  46  3:43  Drone x3  
  46  3:47  Overlord  
  49  3:51  Drone x3  
  52  3:56  Roach Warren  
  52  3:57  Extractor  
  49  4:05  Overlord  
  49  4:06  Drone x2  
  49  4:08  Lair  
  49  4:09  Queen, Extractor  
  52  4:11  Spore Crawler  
  52  4:13  Spore Crawler x2  
  52  4:16  Drone  
  52  4:17  Drone x2  
  52  4:21  Drone x4  
  56  4:25  Queen  
  58  4:33  Zergling x12  
  64  4:39  Roach  
  64  4:44  Roach  
  68  4:46  Roach x2  
  74  4:53  Roach x2  
  74  4:58  Zergling x2  
  74  4:59  Zergling x6  
  80  5:00  Overlord  
  80  5:11  Overlord  
  80  5:12  Roach x2  
  82  5:15  Extractor  
  82  5:16  Hydralisk Den  
  78  5:22  Queen x2  
  78  5:23  Queen  
  82  5:39  Spore Crawler  
  82  5:41  Drone x2  
  82  5:42  Drone  
  80  5:43  Drone x6  
  80  5:47  Roach x4  
  89  5:58  Queen x3  
  93  6:10  Overlord  
  93  6:11  Hydralisk x2, Overlord  
  93  6:14  Overlord  
  93  6:16  Overlord x2  
  93  6:18  Muscular Augments, Glial Reconstitution  
  95  6:31  Hydralisk x8  
  111  6:35  Queen  
  111  6:36  Queen  
  111  6:38  Queen  
  117  6:48  Roach x6  
  117  6:49  Roach  
  118  6:59  Roach x6  
  114  7:04  Roach x2  
  114  7:05  Roach  
  108  7:11  Roach  
  108  7:12  Roach x2  
  112  7:19  Queen x3  
  118  7:24  Hydralisk x2  
  122  7:30  Zergling x14  
  122  7:32  Hydralisk  
  122  7:36  Overlord  
  131  7:38  Hydralisk x2  
  135  7:46  Overlord  
  135  7:47  Zergling x2  
  135  7:48  Zergling x4  
  138  7:53  Overlord  
  138  7:58  Zergling x16  
  144  7:59  Overlord  
  144  8:03  Overlord  
  146  8:08  Overlord  
  146  8:13  Ravager x5  
  146  8:16  Overlord  
  146  8:17  Zergling x6  
  146  8:19  Queen  
  154  8:20  Queen x2  
  155  8:30  Zergling x2  
  155  8:31  Zergling x12  
  146  8:39  Zergling x4  
  126  8:43  Hydralisk  
  105  8:57  Hydralisk x9  
  105  8:59  Zergling x2  
  119  9:07  Zergling x4  
  118  9:10  Hydralisk  
  118  9:15  Hydralisk, Extractor x2  
  118  9:33  Hatchery  
  118  9:34  Hydralisk  
  118  9:35  Hydralisk x5  
  118  9:36  Zergling x2  
  118  9:37  Zergling x10  
  131  9:44  Roach x3  
  137  9:46  Roach  
  137  9:51  Zergling x2  
  137  9:52  Zergling x2  
  141  9:55  Hydralisk  
  141  10:09  Hydralisk x5  
  151  10:15  Hydralisk  
Tags
 
Add a new tag
Caveats
  • Supply blocks, unpowered buildings, or Contaminate may cause inaccurate times.
  • Supply counts are checked every 10 seconds.